 Dungeon Crawl Stone Soup version 0.30-a0-161-gdd60e06945 (webtiles) character file.

Game seed: 9612261944866635673

1526 qw the Cleaver (level 8, -9/49 HPs)
             Began as a Gargoyle Fighter on Sept 27, 2022.
             Was a Follower of Okawaru.
             Mangled by an ogre
             ... wielding a +0 giant spiked club
              (26 damage)
             ... on level 5 of the Dungeon.
             The game lasted 00:02:34 (6325 turns).

qw the Cleaver (Gargoyle Fighter)                   Turns: 6325, Time: 00:02:35

Health: -9/49      AC: 19    Str: 21    XL:     8   Next: 85%
Magic:  7/9        EV: 10    Int: 10    God:    Okawaru [*.....]
Gold:   116        SH:  6    Dex: 11    Spells: 7/7 levels left

rFire   . . .      SeeInvis .    Y - +0 war axe
rCold   . . .      Faith    .    c - +0 buckler
rNeg    + . .      Spirit   .    m - +0 chain mail
rPois   inf        Reflect  .    b - +0 helmet
rElec   +          Harm     .    h - +0 cloak "Behiushrosch" {rElec Dex+2}
rCorr   .          Rampage  .    (no gloves)
Will    +....                    (no boots)
Stlth   ..........               (no amulet)
HPRegen 0.16/turn                t - ring of willpower
MPRegen 0.11/turn                (no ring)

@: heroic
A: sickness immunity, AC +5, negative energy resistance 1, electricity
resistance, torment resistance 1, petrification resistance
a: Renounce Religion, Heroism


You were on level 5 of the Dungeon.
You worshipped Okawaru.
Okawaru was aware of your devotion.
You visited 2 branches of the dungeon, and saw 7 of its levels.

You collected 200 gold pieces.
You spent 84 gold pieces at shops.


Innate Abilities, Weirdness & Mutations

You are immune to sickness and miasma.
Your stone body is resilient. (AC +5)
You are immune to poison.
You resist negative energy. (rN+)
You are resistant to electric shocks. (rElec)
You are resistant to unholy torment.
You are immune to petrification.


   Skills:
 + Level 5.0(10.0) Fighting
 - Level 8.0(13.0) Axes
 - Level 4.2(9.2) Armour
 - Level 3.5(8.5) Dodging
 - Level 3.2(8.2) Shields
 + Level 2.1 Invocations


You had 7 spell levels left.
You didn't know any spells.
Your spell library was empty.

Inventory:

Hand Weapons
 j - the +9 mace "Anyxt" {vorpal, SInv}
   (You took it off an orc on level 3 of the Dungeon)

   It inflicts extra damage upon your enemies.
   SInv:      It lets you see invisible.
 p - a +0 flail
 Y - a +0 war axe (weapon)
Armour
 b - a +0 helmet (worn)
 c - a +0 buckler (worn)
 h - the +0 cloak "Behiushrosch" (worn) {rElec Dex+2}
   (You acquired it on level 2 of the Dungeon)

   Dex:       It affects your dexterity (+2).
   rElec:     It insulates you from electricity.
 m - a +0 chain mail (worn)
Jewellery
 a - a ring of ice
 n - a ring of fire
 t - a ring of willpower (left hand)
Scrolls
 f - a scroll of identify
 k - 4 scrolls of teleportation
Potions
 d - 2 potions of might
 e - a potion of curing
 g - a potion of lignification
 i - 3 potions of mutation
 l - 2 potions of haste
 q - a potion of heal wounds
 r - a potion of resistance
 s - a potion of berserk rage {unknown}

Dungeon Overview and Level Annotations

Branches:
Dungeon (6/15)             Temple (1/1) D:4

Altars:
Ashenzari
Cheibriados
Dithmenos
Elyvilon
Gozag
Hepliaklqana
Kikubaaqudgha
Makhleb
Nemelex Xobeh
Okawaru
Qazlal
Ru
Trog
Uskayaw
Vehumet
Wu Jian
Xom
Zin
The Shining One

Shops:
D:3 ?

Annotations:
D:4 1 runed translucent door, Crazy Yiuf


Message History

You closely miss the orc. You block the orc's attack.
You hit the orc but do no damage. The orc hits you but does no damage.
You barely miss the orc. The orc hits you with a +0 dagger.
You closely miss the orc. You block the orc's attack.
You hit the orc but do no damage. You block the orc's attack.
You closely miss the orc. The orc barely misses you.
You slash the orc!
You kill the orc!
Okawaru accepts your kill.
You start resting.
HP restored.
Done exploring.
(D) Dungeon (T) Temple
Where to? (* - list waypoints, Enter - D:6, ? - help)
What level of the Dungeon? (default 1, ? - help)
You climb downwards.
The kobold brigand hits you but does no damage.
The ogre hits you with a +0 giant spiked club.
The kobold hits you but does no damage. You block the kobold brigand's attack.
You block the kobold's attack.
There is a stone staircase leading up here.
6323 ||| STAIRDANCE The kobold shouts!
The ogre hits you with a +0 giant spiked club!!
Ouch! That really hurt!
The kobold brigand hits you but does no damage.
The kobold hits you with a +0 dagger.
You climb upwards.
There is a stone staircase leading down here.
6325 ||| INVOKING Heroism.
You gain the combat prowess of a mighty hero.
The ogre hits you with a +0 giant spiked club!!
Ouch! That really hurt!
You die...

#/....#.......(......
###...(.#............
#...###............
##..###............
#...##.......^....
##..(.....(.......
######........##....#
##...K.....##..##...##
#...K@[...###...#...##
##..).O....###......##
##......#..#....#...#
#....#.##......#....
#.......##..#.###..<
##.##...####### ###.
###....# #. #....## ##
###..# #


You could see a kobold brigand, an ogre and a kobold.

Vanquished Creatures
  Grinder (D:3)
  Sigmund (D:3)
  Menkaure (D:4)
  A water moccasin (D:6)
  Duvessa (D:4)
  An ice beast (D:5)
  A kobold brigand (D:4)
  A necrophage (D:6)
  A scorpion (D:4)
  Dowan (D:4)
  2 orc priests
  2 jellies (D:5)
  Ijyb (D:5)
  Natasha (twice) (D:3)
  An orc wizard (D:5)
  Robin (D:4)
  7 gnolls
  8 adders
  3 worms
  5 dart slugs
  8 orcs
  6 endoplasms
  4 giant cockroaches
  15 goblins
  6 hobgoblins
  4 jackals (D:5)
  3 quokkas
  5 ball pythons
  4 bats
  3 frilled lizards (D:3)
  29 kobolds
  7 rats
136 creatures vanquished.

Vanquished Creatures (others)
  A human (D:4)
  42 plants (D:4)
43 creatures vanquished.

Grand Total: 179 creatures vanquished

Notes
Turn   | Place    | Note
-------+----------+-------------------------------------------
     0 | D:1      | qw the Gargoyle Fighter began the quest for the Orb.
     0 | D:1      | Reached XP level 1. HP: 14/14 MP: 1/1
     0 | D:1      | 0 ||| qw: Version: 0.2-a-10-g37ed214
     0 | D:1      | 0 ||| qw: Game counter: 707
     0 | D:1      | 0 ||| qw: Always use a shield: true
     0 | D:1      | 0 ||| qw: God list: Okawaru
     0 | D:1      | 0 ||| qw: Allow faded altars: false
     0 | D:1      | 0 ||| qw: Do Orc after D:15 true
     0 | D:1      | 0 ||| qw: Do second Lair branch before Depths: true
     0 | D:1      | 0 ||| qw: Lair rune preference: random
     0 | D:1      | 0 ||| qw: Plans: Normal, Zot:1-4, God:TSO, Crypt, Tomb,
                  | Pan, Slime:5, Hells, Abyss, Orb
     0 | D:1      | 0 ||| PLANNING D:1-11
   195 | D:1      | 195 ||| Stepping ~*~*~tactically~*~*~ (stealth).
   203 | D:1      | Reached skill level 2 in Axes
   418 | D:1      | 418 ||| Stepping ~*~*~tactically~*~*~ (hiding).
   421 | D:1      | 421 ||| Stepping ~*~*~tactically~*~*~ (hiding).
   427 | D:1      | Reached XP level 2. HP: 19/19 MP: 2/2
  1042 | D:1      | 1042 ||| READING scroll labelled VACKOH QAQAF.
  1042 | D:1      | Identified a scroll of acquirement
  1042 | D:1      | 1042 ||| ACQUIRING ring of ice
  1042 | D:1      | Acquired a ring of ice
  1044 | D:1      | 1044 ||| READING scroll labelled UTOIN VUIHYINA.
  1048 | D:1      | 1048 ||| READING scroll labelled FOYCZO METUMMI.
  1049 | D:1      | 1049 ||| READING scroll labelled HIRITAEFETS.
  1210 | D:2      | Reached skill level 3 in Axes
  1210 | D:2      | Reached XP level 3. HP: 13/23 MP: 3/3
  1319 | D:2      | 1319 ||| Stepping ~*~*~tactically~*~*~ (stealth).
  1453 | D:2      | 1453 ||| READING scroll of acquirement.
  1453 | D:2      | 1453 ||| ACQUIRING +0 cloak "Behiushrosch" {rElec Dex+2}
  1453 | D:2      | Acquired the +0 cloak "Behiushrosch" {rElec Dex+2}
  1455 | D:2      | 1455 ||| UPGRADING to +0 cloak "Behiushrosch" {rElec
                  | Dex+2}.
  1486 | D:2      | 1486 ||| Stepping ~*~*~tactically~*~*~ (stealth).
  1488 | D:2      | 1488 ||| FLEEEEING.
  1489 | D:2      | 1489 ||| Stepping ~*~*~tactically~*~*~ (stealth).
  1507 | D:2      | 1507 ||| Stepping ~*~*~tactically~*~*~ (stealth).
  1508 | D:2      | 1508 ||| Stepping ~*~*~tactically~*~*~ (stealth).
  1510 | D:2      | 1510 ||| Stepping ~*~*~tactically~*~*~ (stealth).
  1764 | D:2      | 1764 ||| Stepping ~*~*~tactically~*~*~ (stealth).
  1832 | D:2      | 1832 ||| Stepping ~*~*~tactically~*~*~ (stealth).
  1833 | D:2      | 1833 ||| Stepping ~*~*~tactically~*~*~ (stealth).
  1836 | D:2      | 1836 ||| Stepping ~*~*~tactically~*~*~ (stealth).
  1837 | D:2      | 1837 ||| Stepping ~*~*~tactically~*~*~ (stealth).
  1847 | D:2      | Reached XP level 4. HP: 28/28 MP: 4/4
  1876 | D:2      | Reached skill level 4 in Axes
  1924 | D:2      | 1924 ||| READING scroll labelled UPPUM GOLUHOMICY.
  1925 | D:2      | 1925 ||| READING 3 scrolls of identify.
  1925 | D:2      | 1925 ||| IDENTIFYING lumpy clear potion
  1926 | D:2      | 1926 ||| READING 2 scrolls of identify.
  1926 | D:2      | 1926 ||| IDENTIFYING grey potion
  1927 | D:2      | 1927 ||| DROPPING potion of flight.
  1960 | D:3      | Noticed Grinder
  1961 | D:3      | Paralysed by Grinder for 5 turns
  1972 | D:3      | Paralysed by Grinder for 5 turns
  1979 | D:3      | Killed Grinder
  1980 | D:3      | Reached skill level 3 in Dodging
  1980 | D:3      | Reached XP level 5. HP: 24/32 MP: 5/5
  1980 | D:3      | Reached XP level 6. HP: 27/37 MP: 6/6
  2113 | D:3      | 2113 ||| Stepping ~*~*~tactically~*~*~ (stealth).
  2122 | D:3      | Identified the +9 mace "Anyxt" {vorpal, SInv}
  2123 | D:3      | 2123 ||| Stepping ~*~*~tactically~*~*~ (stealth).
  2134 | D:3      | 2134 ||| DROPPING +0 whip.
  2333 | D:3      | 2333 ||| DROPPING +3 mace.
  2339 | D:3      | 2339 ||| Stepping ~*~*~tactically~*~*~ (hiding).
  2486 | D:3      | Found Sidewa's Magic Scroll Emporium.
  2494 | D:3      | 2494 ||| SHOPLISTING 2 scrolls of enchant armour (180 gold,
                  | have 103).
  2494 | D:3      | 2494 ||| BUYING scroll of identify (24 gold).
  2494 | D:3      | Bought a scroll of identify for 24 gold pieces
  2494 | D:3      | 2494 ||| BUYING scroll of identify (24 gold).
  2494 | D:3      | Bought a scroll of identify for 24 gold pieces
  2494 | D:3      | 2494 ||| BUYING scroll of teleportation (36 gold).
  2494 | D:3      | Bought a scroll of teleportation for 36 gold pieces
  2509 | D:3      | Noticed Natasha
  2522 | D:3      | Killed Natasha
  2639 | D:3      | Noticed Natasha
  2640 | D:3      | 2640 ||| Stepping ~*~*~tactically~*~*~ (stealth).
  2642 | D:3      | 2642 ||| Stepping ~*~*~tactically~*~*~ (hiding).
  2643 | D:3      | 2643 ||| Stepping ~*~*~tactically~*~*~ (hiding).
  2657 | D:3      | Killed Natasha
  2884 | D:3      | Noticed Sigmund
  2885 | D:3      | 2885 ||| Stepping ~*~*~tactically~*~*~ (hiding).
  2902 | D:3      | Killed Sigmund
  2903 | D:3      | Reached skill level 5 in Axes
  2903 | D:3      | Reached XP level 7. HP: 35/41 MP: 7/7
  2978 | D:3      | 2978 ||| UPGRADING to amulet of guardian spirit.
  2983 | D:3      | 2983 ||| READING scroll labelled LITAOT NILOAJOUG.
  2984 | D:3      | 2984 ||| READING scroll labelled HIDOJO ALAO.
  2985 | D:3      | 2985 ||| DRINKING 2 metallic white potions.
  2986 | D:3      | 2986 ||| READING 5 scrolls of identify.
  2986 | D:3      | 2986 ||| IDENTIFYING emerald potion
  2987 | D:3      | 2987 ||| READING 4 scrolls of identify.
  2987 | D:3      | 2987 ||| IDENTIFYING bubbling orange potion
  2988 | D:3      | 2988 ||| READING 3 scrolls of identify.
  2988 | D:3      | 2988 ||| IDENTIFYING sedimented brown potion
  2989 | D:3      | 2989 ||| READING 2 scrolls of identify.
  2989 | D:3      | 2989 ||| IDENTIFYING metallic orange potion
  2990 | D:3      | 2990 ||| DROPPING potion of degeneration.
  2991 | D:3      | 2991 ||| DROPPING potion of magic.
  3090 | D:4      | Found an opulent altar of Gozag.
  3117 | D:4      | Noticed Menkaure
  3118 | D:4      | 3118 ||| Stepping ~*~*~tactically~*~*~ (hiding).
  3120 | D:4      | 3120 ||| Stepping ~*~*~tactically~*~*~ (stealth).
  3126 | D:4      | Killed Menkaure
  3251 | D:4      | Found a staircase to the Ecumenical Temple.
  3252 | D:4      | 3252 ||| PLANNING TEMPLE
  3252 | D:4      | 3252 ||| UPGRADING to +0 chain mail.
  3262 | D:4      | 3262 ||| DROPPING +0 scale mail.
  3263 | D:4      | 3263 ||| READING scroll labelled KENODA DUBA.
  3268 | Temple   | Entered the Ecumenical Temple
  3271 | Temple   | 3271 ||| PLANNING OKAWARU WORSHIP
  3349 | Temple   | Became a worshipper of Warmaster Okawaru
  3350 | Temple   | 3350 ||| PLANNING D:1-11
  3350 | Temple   | 3350 ||| REMOVING amulet of guardian spirit.
  3355 | Temple   | 3355 ||| DROPPING amulet of guardian spirit.
  3461 | D:4      | Noticed Dowan
  3464 | D:4      | Noticed Duvessa
  3477 | D:4      | Killed Duvessa
  3478 | D:4      | Reached skill level 6 in Axes
  3478 | D:4      | Reached XP level 8. HP: 25/48 MP: 8/8
  3554 | D:4      | 3554 ||| Stepping ~*~*~tactically~*~*~ (stealth).
  3555 | D:4      | 3555 ||| Stepping ~*~*~tactically~*~*~ (stealth).
  3557 | D:4      | 3557 ||| Stepping ~*~*~tactically~*~*~ (stealth).
  3558 | D:4      | 3558 ||| Stepping ~*~*~tactically~*~*~ (stealth).
  3583 | D:4      | 3583 ||| Stepping ~*~*~tactically~*~*~ (stealth).
  3584 | D:4      | 3584 ||| Stepping ~*~*~tactically~*~*~ (stealth).
  3585 | D:4      | 3585 ||| Stepping ~*~*~tactically~*~*~ (stealth).
  3586 | D:4      | 3586 ||| Stepping ~*~*~tactically~*~*~ (stealth).
  3587 | D:4      | 3587 ||| Stepping ~*~*~tactically~*~*~ (stealth).
  3624 | D:4      | Found a glowing golden altar of the Shining One.
  3628 | D:4      | Killed Dowan
  3673 | D:4      | Found a hide-covered altar of Uskayaw.
  3731 | D:4      | Found an ancient bone altar of Kikubaaqudgha.
  3802 | D:4      | 3802 ||| Stepping ~*~*~tactically~*~*~ (stealth).
  3803 | D:4      | 3803 ||| Stepping ~*~*~tactically~*~*~ (stealth).
  3833 | D:4      | 3833 ||| Stepping ~*~*~tactically~*~*~ (stealth).
  3835 | D:4      | 3835 ||| Stepping ~*~*~tactically~*~*~ (stealth).
  3839 | D:4      | 3839 ||| Stepping ~*~*~tactically~*~*~ (stealth).
  3840 | D:4      | Noticed Robin
  3841 | D:4      | 3841 ||| Stepping ~*~*~tactically~*~*~ (hiding).
  3854 | D:4      | Killed Robin
  3856 | D:4      | 3856 ||| Stepping ~*~*~tactically~*~*~ (hiding).
  3871 | D:4      | 3871 ||| Stepping ~*~*~tactically~*~*~ (stealth).
  3903 | D:4      | 3903 ||| Stepping ~*~*~tactically~*~*~ (stealth).
  3908 | D:4      | 3908 ||| Stepping ~*~*~tactically~*~*~ (stealth).
  3909 | D:4      | 3909 ||| Stepping ~*~*~tactically~*~*~ (stealth).
  3923 | D:4      | 3923 ||| Stepping ~*~*~tactically~*~*~ (stealth).
  3969 | D:4      | 3969 ||| Stepping ~*~*~tactically~*~*~ (stealth).
  3992 | D:4      | 3992 ||| Stepping ~*~*~tactically~*~*~ (stealth).
  4001 | D:4      | 4001 ||| Stepping ~*~*~tactically~*~*~ (stealth).
  4129 | D:4      | 4129 ||| Stepping ~*~*~tactically~*~*~ (hiding).
  4131 | D:4      | 4131 ||| Stepping ~*~*~tactically~*~*~ (hiding).
  4138 | D:4      | Reached skill level 7 in Axes
  4252 | D:4      | Found a runed translucent door.
  4253 | D:4      | Noticed Crazy Yiuf
  4405 | D:4      | 4405 ||| UPGRADING to +0 helmet.
  4410 | D:4      | 4410 ||| READING scroll labelled SUTISO ZUECINN.
  4411 | D:4      | 4411 ||| READING 3 scrolls of identify.
  4411 | D:4      | 4411 ||| IDENTIFYING orange potion
  4441 | D:5      | Entered Level 5 of the Dungeon
  4445 | D:5      | 4445 ||| Stepping ~*~*~tactically~*~*~ (stealth).
  4528 | D:5      | 4528 ||| FLEEEEING.
  4529 | D:5      | 4529 ||| FLEEEEING.
  4530 | D:5      | 4530 ||| STAIRDANCE
  4699 | D:5      | 4699 ||| STAIRDANCE
  5227 | D:5      | 5227 ||| Stepping ~*~*~tactically~*~*~ (stealth).
  5291 | D:5      | Noticed Ijyb
  5292 | D:5      | 5292 ||| FLEEEEING.
  5294 | D:5      | 5294 ||| FLEEEEING.
  5295 | D:5      | 5295 ||| FLEEEEING.
  5296 | D:5      | 5296 ||| FLEEEEING.
  5302 | D:5      | 5302 ||| STAIRDANCE
  5404 | D:5      | Killed Ijyb
  5645 | D:5      | Reached * piety under Okawaru
  5824 | D:5      | 5824 ||| Stepping ~*~*~tactically~*~*~ (hiding).
  5826 | D:5      | 5826 ||| Stepping ~*~*~tactically~*~*~ (hiding).
  6017 | D:5      | Found a radiant altar of Vehumet.
  6132 | D:5      | 6132 ||| UPGRADING to ring of willpower.
  6133 | D:5      | 6133 ||| READING 3 scrolls of identify.
  6133 | D:5      | 6133 ||| IDENTIFYING green potion
  6134 | D:5      | 6134 ||| READING 2 scrolls of identify.
  6134 | D:5      | 6134 ||| IDENTIFYING inky potion
  6135 | D:5      | 6135 ||| DROPPING potion of brilliance.
  6167 | D:6      | Reached skill level 1 in Invocations
  6184 | D:6      | 6184 ||| Stepping ~*~*~tactically~*~*~ (stealth).
  6198 | D:6      | Reached skill level 8 in Axes
  6233 | D:6      | 6233 ||| Stepping ~*~*~tactically~*~*~ (stealth).
  6234 | D:6      | 6234 ||| FLEEEEING.
  6235 | D:6      | 6235 ||| FLEEEEING.
  6236 | D:6      | 6236 ||| FLEEEEING.
  6237 | D:6      | 6237 ||| FLEEEEING.
  6238 | D:6      | 6238 ||| FLEEEEING.
  6239 | D:6      | 6239 ||| FLEEEEING.
  6240 | D:6      | 6240 ||| STAIRDANCE
  6277 | D:6      | 6277 ||| STAIRDANCE
  6306 | D:6      | 6306 ||| STAIRDANCE
  6323 | D:6      | 6323 ||| STAIRDANCE
  6325 | D:5      | 6325 ||| INVOKING Heroism.
  6325 | D:5      | Mangled by an ogre

Levels and vault maps discovered:
D:1:      saegor_arrival_miasma, layout_basic
D:2:      layout_rooms
D:3:      minmay_bubble_buster, layout_basic, serial_shops,
          nicolae_shop_temple_entry_statues_fountains, uniq_sigmund,
          uniq_grinder, uniq_natasha
D:4:      kennysheep_kobold_camp, layout_basic, tgw_kikubaaqudgha,
          nicolae_gozag_cash_rules_everything_around_me,
          mainiacjoe_overflow_two_lobes, minmay_temple_entry_proselytizer,
          uniq_menkaure, uniq_duvessa, uniq_crazy_yiuf_cottage, uniq_robin
D:5:      layout_cave_pools, nicolae_vehumet_radiance, uniq_ijyb
D:6:      layout_rooms, serial_shops, nicolae_square_shop, nicolae_diamond_shop,
          nicolae_underground_beach
Temple:   nicolae_temple_great_sept

Skill      XL: |  1  2  3  4  5  6  7  8 |
---------------+-------------------------+-----
Axes           | 2 3 4 5 6 8 |  8.0
Dodging        | 3 |  3.5
Fighting       | 4 5 |  5.0
Armour         | 4 |  4.2
Invocations    | 2 |  2.1
Shields        | |  3.2

Action                   |  1- 3 |  4- 6 |  7- 9 || total
-------------------------+-------+-------+-------++-------
Melee: War axe           |    97 |   124 |   238 ||   459
Invok: Heroism           |       |       |     1 ||     1
  Use: Scroll            |     5 |     3 |    11 ||    19
       Potion            |       |       |     1 ||     1
Armor: Scale mail        |    49 |    55 |    11 ||   115
       Chain mail        |       |       |   141 ||   141
Dodge: Dodged            |    33 |    49 |    74 ||   156
Block: Buckler           |    26 |    21 |    41 ||    88

Table legend:
 A = Non-vault XP
 B = Vault XP
 C = Vault XP percentage of total XP
 D = Non-vault monster count
 E = Vault monster count
 F = Vault count percentage of total count
                 A         B        C        D         E       F
            +---------+---------+-------+---------+---------+-------
      Total |     965 |    1216 |  55.8 |      81 |      55 |  40.4
            +---------+---------+-------+---------+---------+-------
        D:1 |      23 |       0 |   0.0 |      12 |       0 |   0.0
        D:2 |      80 |       0 |   0.0 |      18 |       0 |   0.0
        D:3 |      73 |     589 |  89.0 |      15 |      16 |  51.6
        D:4 |     120 |     589 |  83.1 |       8 |      38 |  82.6
        D:5 |     430 |      38 |   8.1 |      25 |       1 |   3.8
        D:6 |     239 |       0 |   0.0 |       3 |       0 |   0.0
            +---------+---------+-------+---------+---------+-------
